 Seeded DCSS version 0.28.0-43-g3370ac3207 (webtiles) character file.

Game seed: 9871404364189446373 (custom seed)

72006 croobank the Warrior (level 14, -2/134 (141) HPs)
             Began as a Minotaur Fighter on Mar 24, 2022.
             Was a High Priest of Trog.
             Killed from afar by a deep elf zephyrmancer (18 damage)
             ... with a bolt of lightning
             ... on level 2 of the Elven Halls.
             The game lasted 01:44:10 (20801 turns).

croobank the Warrior (Minotaur Fighter)            Turns: 20801, Time: 01:44:22

HP:   -2/134 (141)  AC: 42    Str: 26    XL:     14   Next: 99%
MP:   13/13         EV:  8    Int: 11    God:    Trog [*****.]
Gold: 1177          SH:  0    Dex: 13    Spells: 13/13 levels left

rFire   + . .      SeeInvis .   a - +4 executioner's axe (drain)
rCold   . . .      Faith    .   (shield currently unavailable)
rNeg    . . .      Spirit   .   M - +17 plate armour of the End {Will++ Int+6 Dex+3}
rPois   +          Reflect  .   s - +2 hat
rElec   .          Harm     .   n - +2 cloak {rPois}
rCorr   .          Rampage  .   L - +0 pair of gloves
Will    +++++                   (no boots)
Stlth   ..........              d - amulet of regeneration
HPRegen 2.12/turn               H - ring of protection from fire
MPRegen 0.13/turn               m - ring of willpower

@: lethally poisoned (-2 -> -2), strong-willed, regenerating, studying 2 skills,
lightly drained
A: horns 2, retaliatory headbutt
a: Renounce Religion, Berserk, Trog's Hand, Brothers in Arms


You were on level 2 of the Elven Halls.
You worshipped Trog.
Trog was extremely pleased with you.
You visited 5 branches of the dungeon, and saw 22 of its levels.
You also visited: Sewer and Volcano.

You collected 2292 gold pieces.
You spent 1115 gold pieces at shops.

Inventory:

Hand Weapons
 a - a +4 executioner's axe of draining (weapon)
 b - the +1 hunting sling of Fear {vorpal, +Blink rElec MP-9 SInv}
   (You found it on level 6 of the Dungeon)

   Any ammunition fired from it inflicts extra damage upon your enemies.
   rElec:     It insulates you from electricity.
   MP:        It affects your magic capacity (-9).
   SInv:      It lets you see invisible.
   +Blink:    It lets you blink.
 o - the +4 double sword of Blood-Lust {vorpal, rPois rF- rN+++ SInv Stlth-}
   (Trog gifted it to you on level 2 of the Orcish Mines)

   It inflicts extra damage upon your enemies.
   rF:        It makes you vulnerable to fire.
   rPois:     It protects you from poison.
   rN:        It renders you almost immune to negative energy.
   SInv:      It lets you see invisible.
   Stlth:     It makes you less stealthy.
 z - a +1 dire flail of holy wrath
 A - a +5 dire flail of protection
 U - the +8 Vampire's Tooth {vamp}
   (You found it on level 6 of the Lair of Beasts)

   It occasionally heals its wielder for the full amount of damage dealt when it
   wounds a living foe.
Missiles
 c - 4 throwing nets
 q - 9 boomerangs (quivered)
 y - 121 sling bullets
Armour
 n - a +2 cloak of poison resistance (worn)
 s - a +2 hat (worn)
 L - a +0 pair of gloves (worn)
 M - the +17 plate armour of the End (worn) {Will++ Int+6 Dex+3}
   (You found it on level 7 of the Dungeon)

   Int:       It affects your intelligence (+6).
   Dex:       It affects your dexterity (+3).
   Will:      It greatly increases your willpower.
Jewellery
 d - an amulet of regeneration (around neck)
 e - a +6 ring of dexterity
 m - a ring of willpower (right hand)
 r - a ring of positive energy
 v - a ring of protection from cold
 C - a +4 ring of protection
 H - a ring of protection from fire (left hand)
 I - a +6 ring of dexterity
Wands
 B - a wand of flame (39)
 D - a wand of polymorph (8)
 F - a wand of acid (11)
 R - a wand of paralysis (8)
Scrolls
 h - 9 scrolls of teleportation {teleport}
 i - 4 scrolls of immolation {immolation}
 k - 2 scrolls of holy word {holy word, unknown}
 t - a scroll of enchant armour
 w - a scroll of enchant weapon {enchant weapon, unknown}
 x - 5 scrolls of identify
 E - 6 scrolls of fog
 J - 2 scrolls of fear
 N - 2 scrolls of magic mapping
Potions
 g - a potion of resistance
 j - a potion of magic {magic}
 l - 2 potions of ambrosia {ambrosia, unknown}
 p - a potion of attraction {attra, unknown}
 u - 3 potions of flight {flight}
 G - 7 potions of curing
 O - 4 potions of mutation
 Q - a potion of invisibility
 T - 2 potions of berserk rage
 V - a potion of haste
 W - 2 potions of might
 Y - 2 potions of heal wounds
Miscellaneous
 f - a phial of floods (inert)


   Skills:
 + Level 17.8 Fighting
 + Level 16.2 Axes
 + Level 17.7 Armour
 - Level 14.8 Shields


You had 13 spell levels left.
You didn't know any spells.
Your spell library contained the following spells:

 Spells                   Type           Power      Damage    Failure   Level
 Beastly Appendage        Tmut           0%         N/A       90%         1
 Freeze                   Ice            0%         1d3       90%         1
 Sting                    Tmut/Pois      0%         1d3       90%         1
 Poisonous Vapours        Pois/Air       0%         N/A       97%         2
 Wereblood                Tmut           0%         N/A       97%         2
 Frozen Ramparts          Ice            0%         1d2       99%         3
 Ignite Poison            Fire/Tmut/Pois 0%         N/A       99%         3
 Mephitic Cloud           Conj/Pois/Air  0%         N/A       99%         3
 Spider Form              Tmut/Pois      0%         N/A       99%         3
 Hailstorm                Conj/Ice       0%         3d3       100%        4
 Olgreb's Toxic Radiance  Pois           0%         N/A       100%        4
 Freezing Cloud           Conj/Ice/Air   0%         6-21      100%        5


Dungeon Overview and Level Annotations

Branches:
Dungeon (11/15)            Temple (1/1) D:7            Lair (6/6) D:8
 Shoals (0/4) Lair:4       Spider (0/4) Lair:2        Slime (0/5) Lair:5
    Orc (2/2) D:9             Elf (1/3) Orc:2         Sewer (visited)
Volcano (visited)

Altars:
Ashenzari
Cheibriados
Elyvilon
Hepliaklqana
Kikubaaqudgha
Makhleb
Nemelex Xobeh
Okawaru
Qazlal
Sif Muna
Trog
Uskayaw
Vehumet
Xom
Yredelemnul
The Shining One
Beogh

Shops:
D:6 **   D:9 (   Orc:1 *   Orc:2 (*[!

Annotations:
Lair:1 3 runed translucent doors, Purph's ghost, journeyman MiBe


Innate Abilities, Weirdness & Mutations

You have a pair of horns on your head.
You reflexively headbutt those who attack you in melee.


Message History

As you read the scroll of blinking, it crumbles to dust.
A +3 long sword of holy wrath comes into view.
A +2 glaive of venom and a deep elf knight come into view.
The deep elf knight mumbles some strange words.
The deep elf knight flickers and vanishes!
The +3 long sword of holy wrath barely misses you.
You furiously retaliate!
You headbutt the +3 long sword of holy wrath.
An arrow appears from out of thin air!
The arrow hits you but does no damage.
You hear some strange, mumbled words.
The +3 long sword of holy wrath hits you but does no damage.
The deep elf zephyrmancer points at you and mumbles some strange words.
The bolt of lightning hits you!!
* * * LOW HITPOINT WARNING * * *
Blink to where?
Press: ? - help, Dir - move target
As you read the scroll of blinking, it crumbles to dust.
The deep elf knight shouts!
The deep elf zephyrmancer shouts!
The +5 mace of venom closely misses you.
The deep elf zephyrmancer casts a spell at you.
The bolt of lightning misses you.
You miss the +5 mace of venom.
Your headbutt misses the +5 mace of venom.
The +5 mace of venom hits you.
* * * LOW HITPOINT WARNING * * *
The +5 mace of venom hits you but does no damage.
You are poisoned.
Blink to where?
Press: ? - help, Dir - move target 2 deep elf zephyrmancers come into view.
As you read the scroll of blinking, it crumbles to dust.
You feel very sick.
The deep elf zephyrmancer shouts! x2
As you read the scroll labelled KABLIB LOKU {immolation}, it crumbles to dust.
The creatures around you are filled with an inner flame!
It was a scroll of immolation {immolation}.
You feel sick.
The deep elf zephyrmancer gestures at you while chanting.
The bolt of lightning hits you!!
You die...

#......## #..e...##
##.......# .
#........# ..
##...(....## ...
##..........###....
#....e.............
#...............e..
#..........@..e....
#.))..............
#.....###.....###
##...## ##...##
##### ####


You could see a deep elf knight (inner flame), 3 deep elf zephyrmancers and a +5
mace of venom.

Vanquished Creatures
  A fire dragon (Volcano)
  A catoblepas (Lair:3)
  6 hydras
  3 death yaks (Lair:6)
  2 two-headed ogres
  6 dancing weapons
  4 orc high priests
  4 deep elf knights (Elf:1)
  The ghost of Zeor the Cudgeller, a novice PaFi of Wu Jian (D:8)
  3 deep elf archers (Elf:1)
  Pikel (D:5)
  7 deep elf zephyrmancers
  2 ugly things
  4 orc knights (Orc:2)
  6 orc sorcerers
  3 deep elf pyromancers (Elf:1)
  3 cyclopes (D:11)
  3 salamanders (Volcano)
  2 merfolk sirens (Lair:4)
  5 black mambas
  4 elephants
  Maggie (D:7)
  A gargoyle (D:7)
  3 unseen horrors
  13 komodo dragons
  3 rime drakes
  13 cane toads
  6 trolls
  3 polar bears
  A queen bee (D:11)
  2 merfolk (Lair:4)
  A wind drake (Lair:6)
  A hornet (Lair:6)
  7 dream sheep (Lair:6)
  11 blink frogs
  8 wyverns
  A spriggan (Lair:2)
  A fire elemental (Elf:1)
  A wraith (D:11)
  A shadow (D:9)
  37 yaks
  Grum (D:9)
  3 basilisks
  4 fire bats (Volcano)
  3 steam dragons
  3 vampire mosquitoes (D:11)
  3 redbacks (Lair:2)
  Menkaure (D:5)
  A warg (Orc:1)
  An acid dragon (D:6)
  Duvessa (D:7)
  17 water moccasins
  14 orc warriors
  2 sky beasts (D:6)
  5 black bears
  A hornet zombie (D:8)
  12 ogres
  A necrophage (D:6)
  14 wolves
  6 centaurs
  3 lemures (D:5)
  3 phantoms
  2 kobold brigands
  19 bullfrogs
  An earth elemental (Elf:1)
  3 scorpions
  A wyvern zombie (D:7)
  2 gnoll sergeants (D:9)
  A wyvern skeleton (D:6)
  Dowan (D:7)
  2 water moccasin skeletons (D:6)
  10 killer bees
  A troll zombie (D:9)
  An electric eel (D:7)
  3 howler monkeys (D:10)
  4 centaur zombies
  2 lava snakes (D:7)
  A bullfrog zombie (D:6)
  15 hounds
  4 jellies (D:6)
  A centaur skeleton (D:7)
  2 gnoll shamans (D:9)
  12 orc priests
  Crazy Yiuf (D:7)
  2 bullfrog skeletons
  5 iguanas
  Ijyb (D:5)
  16 orc wizards
  A killer bee zombie (D:9)
  5 ogre zombies (D:9)
  20 gnolls
  3 adders
  2 river rats (D:5)
  3 shadow imps
  A white imp (D:5)
  An ufetubus (D:6)
  2 adder skeletons (D:4)
  A worm (D:2)
  2 dart slugs
  49 orcs
  8 ball pythons
  12 endoplasms
  8 goblins
  3 hobgoblins
  13 jackals
  3 quokkas
  12 bats
  3 frilled lizards
  A goblin skeleton (D:9)
  2 goblin zombies (D:9)
  6 hobgoblin zombies (D:9)
  11 kobolds
  An orc skeleton (D:9)
  9 orc zombies (D:9)
  A rat (D:2)
581 creatures vanquished.

Vanquished Creatures (collateral kills)
  A merfolk avatar (Lair:6)
  A sea snake (Lair:6)
  An orc sorcerer (Orc:2)
  A manticore (Lair:6)
  A komodo dragon (Lair:6)
  A rime drake (Lair:6)
  A wind drake (Lair:6)
  A snapping turtle (Lair:6)
  A steam dragon (Lair:6)
  An orc warrior (Orc:2)
10 creatures vanquished.

Vanquished Creatures (others)
  A deep elf knight (Elf:1)
  2 orc priests
  A gnoll (D:7)
  A bush (Lair:5)
  63 fungi
  139 plants
207 creatures vanquished.

Grand Total: 798 creatures vanquished

Notes
Turn   | Place    | Note
-------+----------+-------------------------------------------
     0 | D:1      | croobank the Minotaur Fighter began the quest for the Orb.
     0 | D:1      | Reached XP level 1. HP: 19/19 MP: 0/0
   251 | D:1      | Reached XP level 2. HP: 27/27 MP: 1/1
  1196 | D:2      | You fall into a shaft and drop 2 floors!
  1204 | D:4      | Reached XP level 3. HP: 33/33 MP: 2/2
  1212 | D:4      | Noticed an ogre
  1223 | D:4      | Killed an ogre
  1224 | D:4      | Reached XP level 4. HP: 34/41 MP: 3/3
  1425 | D:3      | Reached XP level 5. HP: 39/47 MP: 4/4
  2262 | D:2      | Reached skill level 5 in Fighting
  2502 | D:3      | Reached skill level 5 in Shields
  2668 | D:4      | Reached skill level 5 in Armour
  2730 | D:4      | Noticed a black bear
  2733 | D:4      | Killed a black bear
  2734 | D:4      | Reached XP level 6. HP: 56/56 MP: 5/5
  2848 | D:5      | Entered Level 5 of the Dungeon
  2858 | D:5      | Noticed a water moccasin
  2866 | D:5      | Killed a water moccasin
  2873 | D:5      | Noticed a water moccasin
  2883 | D:5      | Killed a water moccasin
  2884 | D:5      | Reached skill level 5 in Axes
  2884 | D:5      | Reached XP level 7. HP: 34/62 MP: 6/6
  2895 | D:5      | Noticed Menkaure
  2901 | D:5      | Killed Menkaure
  3000 | D:5      | Found a glowing drain.
  3040 | Sewer    | Entered a sewer
  3774 | D:5      | Reached XP level 8. HP: 53/71 MP: 7/7
  3954 | D:5      | Noticed Ijyb
  3967 | D:5      | Killed Ijyb
  4416 | D:5      | Noticed Pikel
  4435 | D:5      | Killed Pikel
  4691 | D:6      | Found a white marble altar of Elyvilon.
  4754 | D:6      | Found Repp's General Store.
  4758 | D:6      | Found Koociuz's Specific Store.
  4872 | D:6      | Reached XP level 9. HP: 43/80 MP: 8/8
  4888 | D:6      | Killed an unseen horror
  5252 | D:6      | Killed an unseen horror
  5635 | D:6      | Reached skill level 10 in Armour
  5934 | D:6      | Identified the +1 hunting sling of Fear {vorpal, +Blink
                  | rElec MP-9 SInv}
  6098 | D:7      | Noticed a gargoyle
  6106 | D:7      | Killed a gargoyle
  6583 | D:7      | Reached XP level 10. HP: 68/90 MP: 9/9
  6696 | D:7      | Noticed Duvessa
  6697 | D:7      | Noticed Dowan
  6710 | D:7      | Killed Duvessa
  6710 | D:7      | Killed Dowan
  7869 | D:7      | Found a staircase to the Ecumenical Temple.
  7880 | D:7      | Identified the +17 plate armour of the End {Will++ Int+6
                  | Dex+3}
  7904 | Temple   | Entered the Ecumenical Temple
  8015 | Temple   | Became a worshipper of Trog the Wrathful
  8112 | D:7      | Found a runed translucent door.
  8113 | D:7      | Noticed Crazy Yiuf
  8120 | D:7      | Killed Crazy Yiuf
  8343 | D:7      | Noticed Maggie
  8365 | D:7      | Killed Maggie
  8781 | D:8      | Reached * piety under Trog
  8857 | D:8      | Found a staircase to the Lair.
  9020 | D:8      | Noticed Zeor's ghost (novice PaFi)
  9163 | D:8      | Found a runed translucent door.
  9632 | D:9      | Reached skill level 10 in Fighting
  9632 | D:9      | Reached skill level 10 in Shields
  9767 | D:9      | Found Poivuo Komue's Weapon Emporium.
  9868 | D:9      | Found a staircase to the Orcish Mines.
  9958 | D:9      | Noticed a four-headed hydra
 10044 | D:6      | Bought a +4 executioner's axe of draining for 560 gold
                  | pieces
 10264 | D:9      | Reached ** piety under Trog
 10480 | D:9      | Reached XP level 11. HP: 83/100 MP: 10/10
 10613 | Lair:1   | Entered Level 1 of the Lair of Beasts
 10659 | Lair:1   | Reached skill level 10 in Axes
 10798 | Lair:1   | Noticed a minotaur
 10813 | Lair:1   | Noticed Purph's ghost (journeyman MiBe)
 11124 | Lair:1   | Found a dark tunnel.
 11131 | Volcano  | Entered a volcano
 11142 | Volcano  | Reached *** piety under Trog
 11298 | Volcano  | Noticed a two-headed ogre
 11307 | Volcano  | Killed a two-headed ogre
 11308 | Volcano  | Reached XP level 12. HP: 109/112 MP: 11/11
 11362 | Volcano  | Noticed a fire dragon
 11371 | Volcano  | Killed a fire dragon
 11887 | Lair:1   | Found a runed translucent gate.
 11888 | Lair:1   | Found a runed translucent gate.
 11889 | Lair:1   | Found a runed translucent gate.
 12211 | Lair:2   | Noticed an eight-headed hydra
 12245 | Lair:2   | Killed an eight-headed hydra
 12254 | Lair:2   | Noticed a seven-headed hydra
 12264 | Lair:2   | Killed a seven-headed hydra
 12310 | Lair:2   | Found a hole to the Spider Nest.
 13093 | Lair:3   | Noticed a catoblepas
 13104 | Lair:3   | Killed a catoblepas
 13168 | Lair:3   | Reached **** piety under Trog
 13793 | Lair:4   | Found a staircase to the Shoals.
 13875 | Lair:4   | Reached XP level 13. HP: 122/122 MP: 12/12
 13984 | Lair:4   | Reached skill level 15 in Armour
 14650 | Lair:5   | Found a staircase to the Slime Pits.
 14874 | Lair:5   | Reached ***** piety under Trog
 15092 | Lair:6   | Entered Level 6 of the Lair of Beasts
 16001 | Lair:6   | Found the +8 Vampire's Tooth {vamp}
 16020 | Lair:6   | Identified a scroll of acquirement
 16487 | D:8      | Killed Zeor's ghost
 16488 | D:8      | Reached XP level 14. HP: 108/133 MP: 13/13
 16850 | D:9      | Noticed Grum
 16859 | D:9      | Killed Grum
 16972 | D:10     | Entered Level 10 of the Dungeon
 17331 | D:10     | Acquired a manual of Fighting
 17676 | D:11     | Received a gift from Trog
 17684 | D:11     | Reached skill level 15 in Fighting
 18298 | Orc:1    | Entered Level 1 of the Orcish Mines
 18298 | Orc:1    | Found Wycasil's Whimsical Warehouse.
 18372 | Orc:1    | Reached skill level 15 in Axes
 18642 | Orc:2    | Entered Level 2 of the Orcish Mines
 18929 | Orc:2    | Identified the +4 double sword of Blood-Lust {vorpal, rPois
                  | rF- rN+++ SInv Stlth-} (Trog gifted it to you on level 2 of
                  | the Orcish Mines)
 18929 | Orc:2    | Received a gift from Trog
 19044 | Orc:2    | Found a staircase to the Elven Halls.
 19225 | Orc:2    | Found Kiwas's Distillery.
 19800 | Orc:2    | Found Epsugio's Antique Weapon Shoppe.
 19806 | Orc:2    | Received a gift from Trog
 19868 | Orc:2    | Found Bairch's Antique Armour Shop.
 19868 | Orc:2    | Found Cigiont's Assorted Antiques.
 19893 | Orc:2    | Bought a potion of resistance for 130 gold pieces
 20064 | Orc:1    | Bought a ring of willpower for 425 gold pieces
 20123 | Elf:1    | Entered Level 1 of the Elven Halls
 20778 | Elf:1    | You fall into a shaft and drop 1 floor!
 20801 | Elf:2    | Killed from afar by a deep elf zephyrmancer

Illustrated notes

Levels and vault maps discovered:
D:1:      onia_arrival_mini_maze_b, layout_basic, bh_walls_and_bars
D:2:      layout_basic, serial_glass, glass_columns_c, glass_columns_b,
          nrook_campfire, minmay_tripent
D:3:      layout_basic, minmay_misc_feat_encased
D:4:      layout_cave_pools
D:5:      layout_basic, cheibrodos_sewer_entry_sluice, uniq_ijyb, uniq_pikel,
          uniq_menkaure
D:6:      cheibrodos_fzero, layout_basic, mainiacjoe_overflow_tiny_flanked,
          nicolae_specific_store, minmay_starry_boxes
D:7:      layout_loops_ring, temple_pool_b, minivault_4, grunt_decor_junction,
          uniq_crazy_yiuf_cottage, uniq_maggie, uniq_duvessa
D:8:      layout_basic, due_lair_maze_entry_diamond,
          hellmonk_ghost_happy_afterlife, hangedman_decor_diamond_cutter
D:9:      layout_big_octagon, zombieorc1_lemuel, serial_gnoll_camp,
          grums_kennel, gnoll_camp_mini_shop, gnoll_camp_mini_basic,
          gnoll_camp_mini_doghouse, gnoll_camp_huts_basic,
          gnoll_camp_mini_loothouse
D:10:     layout_loops_ring
D:11:     layout_long_grid, nicolae_looking_at_the_future
Temple:   mainiacjoe_temple_hex_bubbles
Lair:1:   layout_cave_pods, enter_volcano_4, maelrawn_ghost_gauntlet_escape
Lair:2:   layout_chaotic_city, spider_nest_entry_a,
          grunt_forest_stairs_clearing, serial_bayou_shore_a
Lair:3:   layout_hall_layers, special_room
Lair:4:   layout_regular_city, elwin_shoals_entry_stream, grunt_megastairs_2,
          uniq_urug
Lair:5:   layout_concentric_octagons, slime_dummy, minivault_19
Lair:6:   gammafunk_lair_ancient_temple, layout_layer_cave, uniq_rupert
Orc:1:    layout_caves, nicolae_alphabet_shops
Orc:2:    st_orc_elflike, layout_caves, basic_altar
Elf:1:    elf_arrival_001, layout_loops_ring, kennysheep_underground_church,
          nicolae_elf_glass_and_crystal_pillar_1
Elf:2:    nicolae_elf_blades_crystal_corner, layout_loops_cross, minivault_28

Skill      XL: |  1  2  3  4  5  6  7  8  9 10 11 12 13 14 |
---------------+-------------------------------------------+-----
Fighting       | 4 5 6 7 8 10 11 13 14 17 | 17.8
Armour         | 4 5 6 8 10 12 13 14 16 17 | 17.7
Shields        | 4 5 6 7 8 10 11 13 14 | 14.8
Axes           | 3 4 5 7 8 9 11 13 14 16 | 16.2

Action                   |  1- 3 |  4- 6 |  7- 9 | 10-12 | 13-15 || total
-------------------------+-------+-------+-------+-------+-------++-------
Melee: War axe           |    55 |   106 |   275 |   250 |       ||   686
       Headbutt          |     5 |    13 |    48 |   125 |   128 ||   319
       Executioner's axe |       |       |       |   289 |   523 ||   812
       Quarterstaff      |       |       |       |    19 |    36 ||    55
       Quick blade       |       |       |       |       |    11 ||    11
Throw: Dart              |     2 |       |       |       |       ||     2
       Throwing net      |     1 |       |       |     1 |       ||     2
       Boomerang         |       |       |    12 |     8 |     8 ||    28
       Stone             |       |       |       |     1 |       ||     1
Invok: Berserk           |       |       |       |     1 |     1 ||     2
       Trog's Hand       |       |       |       |       |     4 ||     4
       Brothers in Arms  |       |       |       |       |     3 ||     3
Evoke: Wand              |       |       |       |       |     4 ||     4
       Phial of floods   |       |       |       |       |     1 ||     1
  Use: Potion            |       |     1 |     7 |     2 |     1 ||    11
       Scroll            |       |       |     3 |     9 |    12 ||    24
Armor: Scale mail        |    28 |    59 |    28 |       |       ||   115
       Chain mail        |       |       |   155 |    31 |       ||   186
       Plate armour      |       |       |       |   562 |   716 ||  1278
Dodge: Dodged            |    24 |    53 |   102 |   251 |   270 ||   700
Block: Buckler           |     8 |    26 |    72 |    98 |       ||   204
